 Dungeon Crawl Stone Soup version 0.30-a0-989-g0d87f670db (webtiles) character file.

Game seed: 288472230936298942

43 heikuro the Shield-Bearer (level 3, -6/29 HPs)
             Began as a Formicid Fighter on Apr 3, 2023.
             Was a Follower of Wu Jian.
             Mangled by Crazy Yiuf
             ... wielding a +3 quarterstaff of chaos
              (13 damage)
             ... on level 2 of the Dungeon.
             The game lasted 00:02:02 (1456 turns).

heikuro the Shield-Bearer (Formicid Fighter)        Turns: 1456, Time: 00:02:03

Health: -6/29      AC:  6    Str: 22    XL:     3   Next: 82%
Magic:  3/3        EV:  9    Int:  7    God:    Wu Jian [*.....]
Gold:   106        SH:  5    Dex: 13    Spells: 2/2 levels left

rFire   . . .      SeeInvis +    a - +0 war axe
rCold   . . .      Faith    .    c - +0 buckler
rNeg    . . .      Spirit   .    b - +0 scale mail
rPois   .          Reflect  .    (helmet unavailable)
rElec   .          Rampage  .    (no cloak)
rCorr   .                        (no gloves)
Will    .....                    (no boots) Stlth
                                 (no amulet)
HPRegen 0.24/turn                j - ring of wizardry
MPRegen 0.08/turn                (no ring)

@: no status effects
A: permanent stasis, dig shafts and tunnels, antennae 3, four strong arms
a: Dig, Shaft Self, Renounce Religion


You were on level 2 of the Dungeon.
You worshipped Wu Jian.
Wu Jian was aware of your devotion.
You visited 1 branch of the dungeon, and saw 2 of its levels.

You collected 106 gold pieces.

Inventory:

Hand Weapons
 a - a +0 war axe (weapon)
Armour
 b - a +0 scale mail (worn)
 c - a +0 buckler (worn)
Jewellery
 j - a ring of wizardry (left hand)
Scrolls
 g - a scroll of immolation {unknown}
 h - a scroll of vulnerability {unknown}
 i - a scroll of identify {unknown}
 k - 2 scrolls of poison {unknown}
Potions
 d - a potion of might
 e - 2 potions of brilliance {unknown}
 f - 2 potions of curing {unknown}
 l - a potion of lignification {unknown}
 m - a potion of degeneration {unknown}
 n - a potion of invisibility {unknown}
 o - a potion of flight {unknown}
 p - a potion of attraction {unknown}


   Skills:
 + Level 3.6 Fighting
 * Level 2.8 Axes
 + Level 3.6 Armour
 + Level 4.5 Shields


You had 2 spell levels left.
You didn't know any spells.
Your spell library was empty.

Dungeon Overview and Level Annotations

Branches:
Dungeon (2/15)

Altars:
Wu Jian

Shops:
D:1 *

Annotations:
D:2 Crazy Yiuf


Innate Abilities, Weirdness & Mutations

You cannot be hasted, slowed, berserked, paralysed or teleported.
You can dig through walls and to a lower floor.
You have a pair of large antennae on your head. (SInv)
Your four strong arms can wield two-handed weapons with a shield.


Message History

A nearby plant withers and dies.
A nearby fungus withers and dies.
A nearby plant withers and dies.
You enter the shallow water.
Moving in this stuff is going to be slow.
There is a faded altar of an unknown god here.
This altar belongs to (a) Wu Jian, (b) Uskayaw or (c) Jiyva, but you can't tell which.
Press the corresponding letter to learn more about a god, or press enter to convert or escape to cancel.
Wu Jian accepts your prayer! The Council welcomes you!
You can now perform damaging attacks by moving towards foes.
You can now lightly attack monsters by moving around them.
You enter the shallow water.
Moving in this stuff is going to be slow.
You enter the shallow water.
Moving in this stuff is going to be slow.
You enter the shallow water.
Moving in this stuff is going to be slow.
You now have 106 gold pieces (gained 8).
p - an orange potion
Found a stone staircase leading down.
An endoplasm comes into view.
The endoplasm quivers.
You lunge at the endoplasm.
You slash the endoplasm!
You kill the endoplasm!
The Council accepts your kill.
Okay, then.
There is a stone staircase leading up here.
You see here a +0 whip.
Crazy Yiuf shouts!
You open the door.
Crazy Yiuf zaps a wand.
You resist with some effort.
You lunge at Crazy Yiuf.
You closely miss Crazy Yiuf.
Crazy Yiuf says, "Nubble turtle tortoise!"
Crazy Yiuf hits you with a +3 quarterstaff of chaos!
There is an open translucent door here.
You slash Crazy Yiuf!
Crazy Yiuf is severely wounded.
Crazy Yiuf hits you with a +3 quarterstaff of chaos!
* * * LOW HITPOINT WARNING * * *
Crazy Yiuf screams, "Candle action down!"
Crazy Yiuf hits you with a +3 quarterstaff of chaos!
You die...

##..##
##.).#######
#....#
#........# #
#...##
##...###.# #
##.## ##.##
#.# # #.##
#.####.###
##.#
#.>.......
#.##
######.###
##.# #.##.
#@# #...#
#.g.# ####.
#...# ##
#..)# #
##### # # #
# #


You could see Crazy Yiuf.

Vanquished Creatures
  A gnoll (D:1)
  An adder (D:2)
  A ball python (D:1)
  3 bats
  2 endoplasms
  2 giant cockroaches (D:1)
  2 goblins (D:1)
  2 hobgoblins
  4 jackals (D:2)
  A quokka (D:2)
  2 frilled lizards (D:1)
21 creatures vanquished.

Vanquished Creatures (others)
  A fungus (D:2)
  5 plants (D:2)
6 creatures vanquished.

Grand Total: 27 creatures vanquished

Notes
Turn   | Place    | Note
-------+----------+-------------------------------------------
     0 | D:1      | heikuro the Formicid Fighter began the quest for the Orb.
     0 | D:1      | Reached XP level 1. HP: 18/18 MP: 1/1
    75 | D:1      | Reached XP level 2. HP: 15/24 MP: 2/2
   365 | D:1      | Found Ebithekh's Assorted Antiques.
   368 | D:1      | Reached XP level 3. HP: 29/29 MP: 3/3
   839 | D:2      | Found a runed translucent door.
   840 | D:2      | Noticed Crazy Yiuf
  1245 | D:2      | Found a faded altar of an unknown god.
  1253 | D:2      | Prayed at the altar of an unknown god.
  1253 | D:2      | Became a worshipper of the Wu Jian Council
  1253 | D:2      | Reached * piety under Wu Jian
  1456 | D:2      | Mangled by Crazy Yiuf

Illustrated notes

Levels and vault maps discovered:
D:1:      roderic_dead_forest, layout_rooms, serial_shops,
          nicolae_lakefront_shop, serial_curves, eino_curves_03, eino_curves_01,
          eino_curves_04
D:2:      layout_loops_ring, shapermc_ecumenical_altar_hornbeckon,
          uniq_crazy_yiuf_cottage

Action                     || total
---------------------------++-------
  Melee: War axe           ||    52
Ability: Lunge             ||     2
 Armour: Scale mail        ||    18
  Dodge: Dodged            ||    20
  Block: Buckler           ||    10

Table legend: (Time is in decaauts)
 A = Elapsed time spent in this place.
 B = Non-inter-level travel time spent in this place.
 C = Inter-level travel time spent in this place.
 D = Time resting spent in this place.
 E = Time spent auto-exploring this place.
 F = Levels seen in this place.
 G = Mean time per level.
                   A        B        C        D        E       F      G
               +--------+--------+--------+--------+--------+-----+--------+
         Total |   1480 |   1346 |    134 |      0 |   1172 |   2 |  740.0 |
       Dungeon |   1480 |   1346 |    134 |      0 |   1172 |   2 |  740.0 |
               +--------+--------+--------+--------+--------+-----+--------+

Top non-repeatable levels by time:
     D:1: 827 daAuts
     D:2: 652 daAuts
